 Dungeon Crawl Stone Soup version 0.22-b1-21-g5cfc168 (webtiles) character file.

9 letownia2 the Insei (level 2, 13/21 HPs)
             Began as a Demonspawn Transmuter on Aug 5, 2018.
             Quit the game on level 2 of the Dungeon.
             The game lasted 00:00:52 (180 turns).

letownia2 the Insei (Demonspawn Transmuter)          Turns: 180, Time: 00:00:53

Health: 13/21      AC:  6    Str: 10    XL:     2   Next: 3%
Magic:  3/5        EV: 11    Int: 14    God:
Gold:   27         SH:  0    Dex: 13    Spells: 4/5 levels left

rFire    . . .     SeeInvis .     - Unarmed
rCold    . . .     Gourm    .   (no shield)
rNeg     . . .     Faith    .   f - +0 leather armour
rPois    .         Spirit   .   (helmet restricted)
rElec    .         Reflect  .   e - +1 cloak
rCorr    .         Harm     .   i - +0 pair of gloves (curse)
MR       .....                  (boots currently unavailable)
Stlth    +.........             (no amulet)
HPRegen  0.07/turn              (no ring)
MPRegen  0.09/turn              (no ring)

@: appendage (expiring)
A: antennae 1, talons 3
a: End Transformation


You were on level 2 of the Dungeon.
You were not hungry.
You had grown temporary talons.
You visited 1 branch of the dungeon, and saw 2 of its levels.

You collected 27 gold pieces.

Inventory:

Missiles
 a - 12 arrows
 g - 29 bolts
Armour
 b - a +0 robe
 e - a +1 cloak (worn)
 f - a +0 leather armour (worn)
 i - a cursed +0 pair of gloves (worn)
Scrolls
 h - a scroll of blinking {unknown}
Potions
 c - a potion of agility {unknown}
Comestibles
 d - a ration


   Skills:
 - Level 1.0 Fighting
 - Level 1.7 Dodging
 + Level 3.2 Unarmed Combat
 - Level 2.0 Spellcasting
 - Level 1.7 Transmutations


You had 4 spell levels left.
You knew the following spells:

 Your Spells              Type           Power        Failure   Level  Hunger
a - Beastly Appendage     Tmut           #.....       16%         1    ##.....

Your spell library contained the following spells:

 Spells                   Type           Power        Failure   Level  Hunger
 Spider Form              Tmut/Pois      #.........   56%         3    ####...
 Blade Hands              Tmut           #.........   99%         5    ######.
 Ice Form                 Ice/Tmut       #.......     92%         4    #####..
 Sticks to Snakes         Tmut           #.......     24%         2    ###....


Dungeon Overview and Level Annotations

Branches:
Dungeon (2/15)

Altars:


Innate Abilities, Weirdness & Mutations

You have a pair of small antennae on your head.
You have claws for feet.


Message History

Things that are here:
13 stones; 15 gold pieces You now have 27 gold pieces (gained 15).
Casting: Beastly Appendage (safe; 16% risk of failure)
Confirm with . or Enter, or press ? or * to list all spells.
Your feet morph into talons.
Your transformation is almost over.
You completely miss the leopard gecko. The leopard gecko barely misses you.
You hit the leopard gecko.
The leopard gecko is moderately wounded.
The leopard gecko barely misses you.
You hit the leopard gecko.
The leopard gecko is almost dead.
The leopard gecko closely misses you.
You barely miss the leopard gecko. You claw the leopard gecko.
You kill the leopard gecko!
You have reached level 2!
Your demonic ancestry asserts itself...
A pair of antennae grows on your head!
Are you sure you want to abandon this character and quit the game? (Confirm with "yes".)

#.....#.. #....... #......
#.( #.....# . ..#.# .....#
.. #.#.## ###....# ...
#.#.##.#..†..##.<..
#.#.......@........
#.#.##.##(#..##.... ##.#.#
.#..#........
#.<..##...##...#.... #
#.#..##.## #.#.# ...
#.##.#.[##..###.#.# ..
..#.......#.........#
.......##......##..##
........†..........######.##


There were no monsters in sight!

Vanquished Creatures
  2 leopard geckos
  2 bats
  A frilled lizard (D:2)
  A kobold (D:1)
  2 rats (D:2)
8 creatures vanquished.

Vanquished Creatures (others)
  A giant cockroach (D:2)
  A goblin (D:2)
2 creatures vanquished.

Grand Total: 10 creatures vanquished

Notes
Turn   | Place    | Note
-------+----------+-------------------------------------------
     0 | D:1      | letownia2 the Demonspawn Transmuter began the quest for the Orb.
     0 | D:1      | Reached XP level 1. HP: 15/15 MP: 3/3
    51 | D:1      | Reached skill level 3 in Unarmed Combat
   179 | D:2      | Gained mutation: You have a pair of small antennae on your head. [demonic ancestry]
   179 | D:2      | Reached XP level 2. HP: 13/21 MP: 3/5
   180 | D:2      | Quit the game

Skill      XL: |  1 |
---------------+----+-----
Unarmed Combat | 3 |  3.2
Fighting       | |  1.0
Dodging        | |  1.7
Spellcasting   | |  2.0
Transmutations | |  1.7

Action                   || total
-------------------------++-------
Melee: Unarmed           ||    38
       Kick              ||     3
 Cast: Beastly Appendage ||     5
Armor: Leather armour    ||     6
       Robe              ||     1
Dodge: Dodged            ||    18
